 Dungeon Crawl Stone Soup version 0.26-a0-835-g8259106e14 (webtiles) character file.

Game seed: 14923164741468751553

478 marklar909 the Vandal (level 7, 0/45 HPs)
             Began as a Halfling Arcane Marksman on Nov 17, 2020.
             Slain by a yak (13 damage)
             ... on level 2 of the Dungeon.
             The game lasted 00:13:23 (6426 turns).

marklar909 the Vandal (Halfling Arcane Marksman)    Turns: 6426, Time: 00:13:24

Health: 0/45       AC:  2    Str: 12    XL:     7   Next: 33%
Magic:  9/9        EV: 13    Int: 11    God:
Gold:   209        SH:  8    Dex: 16    Spells: 5/9 levels left

rFire    . . .     SeeInvis .   a - +0 hunting sling
rCold    . . .     Faith    .   o - +0 kite shield
rNeg     . . .     Spirit   .   e - +0 robe
rPois    .         Reflect  .   (no helmet)
rElec    .         Harm     .   (no cloak)
rCorr    .         Rampage  .   (no gloves)
MR       .....                  (no boots)
Stlth    ++........             (no amulet)
HPRegen  0.15/turn              (no ring)
MPRegen  0.11/turn              (no ring)

@: no status effects
A: small, mutation resistance 1
a: no special abilities


You were on level 2 of the Dungeon.
You visited 1 branch of the dungeon, and saw 4 of its levels.

You collected 209 gold pieces.

Inventory:

Hand Weapons
 a - a +0 hunting sling (weapon)
Missiles
 b - 121 stones (quivered)
 d - 29 sling bullets
 y - 3 poisoned darts
Armour
 e - a +0 robe (worn)
 o - a +0 kite shield (worn)
Jewellery
 i - an uncursed ring of flight {unknown}
 m - an uncursed amulet of reflection {unknown}
 p - a +6 ring of strength {unknown}
 s - a cursed -4 ring of protection {unknown}
 x - an uncursed ring of wizardry {unknown}
Wands
 n - a wand of random effects (13)
Scrolls
 c - 3 scrolls of teleportation {unknown}
 f - a scroll of blinking {unknown}
 g - a scroll of amnesia {unknown}
 h - 3 scrolls of identify {unknown}
 j - 2 scrolls of enchant armour {unknown}
 k - a scroll of noise {unknown}
 l - 2 scrolls of remove curse {unknown}
 q - 2 scrolls of fog {unknown}
 r - 2 scrolls of magic mapping {unknown}
 t - a scroll of random uselessness {unknown}
Potions
 u - a potion of resistance {unknown}
 v - a potion of heal wounds {unknown}
 w - a potion of lignification {unknown}


   Skills:
 + Level 2.3 Fighting
 + Level 7.2 Slings
 + Level 2.7 Dodging
 + Level 0.8 Stealth
 * Level 2.3 Shields
 + Level 1.8 Spellcasting
 + Level 3.2 Hexes
 + Level 1.0 Fire Magic


You had 5 spell levels left.
You knew the following spells:

 Your Spells              Type           Power        Failure   Level
a - Corona                Hex            #......      41%         1
b - Inner Flame           Hex/Fire       #.......     90%         3

Your spell library contained the following spells:

 Spells                   Type           Power        Failure   Level
 Slow                     Hex            #.......     54%         2
 Ensorcelled Hibernation  Hex/Ice        #.....       77%         2
 Confusing Touch          Hex            #.......     78%         3
 Tukima's Dance           Hex            #.......     78%         3
 Dazzling Flash           Conj/Hex       #.....       94%         3
 Portal Projectile        Hex/Tloc       #.....       94%         3
 Cause Fear               Hex            #.........   99%         4
 Leda's Liquefaction      Hex/Erth       #.........   100%        4


Dungeon Overview and Level Annotations

Branches:
Dungeon (4/15)             Temple (0/1) D:4

Altars:

Annotations:
D:2 1 runed translucent door, Crazy Yiuf


Innate Abilities, Weirdness & Mutations

You are small and have problems with some larger weapons.
You are somewhat resistant to further mutation.


Message History

You shoot a stone. The stone hits the yak.
The yak is moderately wounded.
You block the yak's attack.
Firing (i - inventory. (/) - cycle)
b - 124 stones (quivered)
Press: ? - help, Shift-Dir - straight line, f/p - yak
Aim: a yak (moderately wounded)
You shoot a stone. The stone closely misses the yak.
The yak gores you!
* * * LOW HITPOINT WARNING * * *
Firing (i - inventory. (/) - cycle)
b - 123 stones (quivered)
Press: ? - help, Shift-Dir - straight line, f/p - yak
Aim: a yak (moderately wounded)
You shoot a stone. The stone barely misses the yak.
The yak misses you.
Firing (i - inventory. (/) - cycle)
b - 122 stones (quivered)
Press: ? - help, Shift-Dir - straight line, f/p - yak
Aim: a yak (moderately wounded)
You shoot a stone.
The stone hits the yak but does no damage.
The yak is moderately wounded.
The yak gores you!
You die...

.......#.#.........# #.#
.......#.#.###+##### #.#
.......#.#.....# #.#
.......#.....#########.#
.......#........(...##.#
##.#####............##.#
##.######.......)...##.#
#.......#.......Y...##.#
..........†.....@#####.#
#.......#....##### #.#
#.......#....#####
#.#######
........#........#
#.......#
........#........#
#######.#
..##.#)##........#
#.....#
..##.#.##^.......#
#.#####
..##.).###########
#.#...# .......#########
#.#.#.#


You could see a yak.

Vanquished Creatures
  A yak (D:4)
  A scorpion (D:4)
  A hound (D:4)
  A centaur skeleton (D:4)
  An orc wizard (D:4)
  A worker ant (D:4)
  8 adders
  4 worms
  A dart slug (D:3)
  2 leopard geckos
  7 orcs
  4 bats
  A giant cockroach (D:3)
  16 goblins
  7 hobgoblins
  5 jackals (D:1)
  4 ball pythons
  9 frilled lizards
  12 kobolds
  A leopard gecko skeleton (D:4)
  6 rats
93 creatures vanquished.

Vanquished Creatures (others)
  A fungus (D:2)
1 creature vanquished.

Grand Total: 94 creatures vanquished

Notes
Turn   | Place    | Note
-------+----------+-------------------------------------------
     0 | D:1      | marklar909 the Halfling Arcane Marksman began the quest for
                  | the Orb.
     0 | D:1      | Reached XP level 1. HP: 12/12 MP: 2/2
   186 | D:1      | Reached XP level 2. HP: 18/18 MP: 3/3
   292 | D:1      | Reached skill level 1 in Fighting
   629 | D:1      | Reached XP level 3. HP: 23/23 MP: 2/4
   826 | D:1      | Reached skill level 4 in Slings
  2025 | D:2      | Reached XP level 4. HP: 26/28 MP: 5/5
  2707 | D:2      | Found a runed translucent door.
  2708 | D:2      | Noticed Crazy Yiuf
  2755 | D:2      | Learned a level 3 spell: Inner Flame
  2898 | D:3      | Reached skill level 5 in Slings
  3470 | D:3      | Reached XP level 5. HP: 33/33 MP: 2/6
  3614 | D:3      | Reached skill level 1 in Fire Magic
  4685 | D:4      | Found a staircase to the Ecumenical Temple.
  4723 | D:4      | Reached skill level 6 in Slings
  4723 | D:4      | Reached XP level 6. HP: 14/39 MP: 4/7
  5340 | D:4      | Reached skill level 1 in Shields
  6100 | D:4      | Noticed a yak
  6102 | D:4      | Noticed a yak
  6104 | D:4      | Noticed a yak
  6106 | D:4      | Noticed a yak
  6114 | D:4      | Noticed a yak
  6121 | D:4      | Killed a yak
  6122 | D:4      | Reached skill level 7 in Slings
  6122 | D:4      | Reached XP level 7. HP: 24/45 MP: 7/9
  6183 | D:3      | HP: 2/45 [yak (4)]
  6426 | D:2      | Slain by a yak

Illustrated notes

Levels and vault maps discovered:
D:1:      elethiomel_arrival_maze, layout_basic
D:2:      layout_basic, uniq_crazy_yiuf_cottage
D:3:      minmay_razor_zed, layout_basic, serial_glass, glass_columns_a,
          glass_columns_b, feat_on_display, corexii_leaking_fountain
D:4:      layout_rooms, old_standard_altar, zin_statuary,
          minmay_temple_entry_offerings, serial_shops, shop_fountains,
          grunt_dithmenos_shadows

Skill      XL: |  1  2  3  4  5  6 |
---------------+-------------------+-----
Fighting       | 1 2 |  2.3
Slings         | 4 5 6 7 |  7.2
Hexes          | 3 |  3.2
Fire Magic     | 1 |  1.0
Shields        | 2 |  2.3
Dodging        | |  2.7
Stealth        | |  0.8
Spellcasting   | |  1.8

Action                   |  1- 3 |  4- 6 |  7- 9 || total
-------------------------+-------+-------+-------++-------
 Fire: Hunting sling     |   131 |   239 |     9 ||   379
 Cast: Corona            |    26 |    51 |       ||    77
Evoke: Wand              |       |     4 |     6 ||    10
  Use: Potion            |       |     2 |       ||     2
Armor: Robe              |     9 |    16 |       ||    25
Dodge: Dodged            |    36 |    91 |     4 ||   131
Block: Kite shield       |       |    58 |     5 ||    63

Table legend: (Time is in decaauts)
 A = Elapsed time spent in this place.
 B = Non-inter-level travel time spent in this place.
 C = Inter-level travel time spent in this place.
 D = Time resting spent in this place.
 E = Time spent auto-exploring this place.
 F = Levels seen in this place.
 G = Mean time per level.
                   A        B        C        D        E       F      G
               +--------+--------+--------+--------+--------+-----+--------+
         Total |   6422 |   6267 |    155 |    784 |   4607 |   4 | 1605.5 |
       Dungeon |   6422 |   6267 |    155 |    784 |   4607 |   4 | 1605.5 |
               +--------+--------+--------+--------+--------+-----+--------+

Top non-repeatable levels by time:
     D:3: 1963 daAuts
     D:2: 1655 daAuts
     D:4: 1465 daAuts
     D:1: 1338 daAuts
